 Dungeon Crawl Stone Soup version 0.24-a0-639-gb70a11d811 (webtiles) character file.

Game seed: 2649492427827511655, levelgen mode: deterministic

29098 Johnny the Impaler (level 12, -15/112 HPs)
             Began as a Demigod Gladiator on Sept 21, 2019.
             Demolished by a white ugly thing (21 damage)
             ... on level 13 of the Dungeon.
             The game lasted 00:26:45 (14771 turns).

Johnny the Impaler (Demigod Gladiator)             Turns: 14771, Time: 00:26:45

Health: -15/112    AC: 17    Str: 25      XL:     12   Next: 80%
Magic:  19/19      EV: 13    Int: 11 (12) God:
Gold:   640        SH:  5    Dex: 17      Spells: 7/16 levels left

rFire    + . .     SeeInvis .   l - +2 trident (protect) (curse)
rCold    . . .     Gourm    .   (no shield)
rNeg     . . .     Faith    .   E - +0 troll leather armour
rPois    .         Spirit   .   j - +2 hat
rElec    .         Reflect  +   u - scarf {repulsion}
rCorr    .         Harm     .   t - +0 pair of gloves
MR       ++...                  y - +2 pair of boots
Stlth    +.........             o - +5 amulet of reflection
HPRegen  0.68/turn              i - ring of protection from magic
MPRegen  0.16/turn              J - ring of protection from fire

@: protection aura, repel missiles
A: deterioration 1, high mp 1, mutation resistance 1
a: no special abilities


You were on level 13 of the Dungeon.
You were not hungry.

You visited 2 branches of the dungeon, and saw 15 of its levels.
You also visited: Ice Cave.

You collected 733 gold pieces.
You spent 93 gold pieces at shops.

Inventory:

Hand Weapons
 l - a cursed +2 trident of protection (weapon)
 v - a +1 trident of flaming
 A - a +0 halberd
Missiles
 s - a throwing net (quivered)
Armour
 c - a +0 helmet
 e - a +0 plate armour
 j - a +2 hat (worn)
 t - a +0 pair of gloves (worn)
 u - a scarf of repulsion (worn)
 y - a +2 pair of boots (worn)
 E - a +0 troll leather armour (worn)
Jewellery
 i - a ring of protection from magic (left hand)
 o - a +5 amulet of reflection (around neck)
 J - a ring of protection from fire (right hand)
 L - an uncursed ring of ice
Wands
 g - a wand of flame (17)
 w - a wand of random effects (13)
 C - a wand of enslavement (1)
Scrolls
 h - a scroll of remove curse
 k - a scroll of enchant weapon
 q - a scroll of identify
 r - 4 scrolls of teleportation
 x - 3 scrolls of enchant armour
 z - a scroll of magic mapping
 B - a scroll of immolation {unknown}
 H - a scroll of fog
 I - a scroll of noise
 K - a scroll of silence
Potions
 a - 5 potions of brilliance
 b - 3 potions of curing
 m - 4 potions of magic
 n - 3 potions of lignification
Comestibles
 d - 16 chunks of flesh
 f - 15 rations


   Skills:
 * Level 12.1 Fighting
 * Level 15.8 Polearms
 - Level 1.7 Throwing
 - Level 2.6 Dodging
 + Level 2.5 Spellcasting


You had 7 spell levels left.
You knew the following spells:

 Your Spells              Type           Power        Failure   Level  Hunger
a - Shroud of Golubria    Chrm/Tloc      #.....       43%         2    ###....
b - Song of Slaying       Chrm           #.......     43%         2    ###....
c - Regeneration          Chrm/Necr      #.........   67%         3    ####...
d - Sublimation of Blood  Necr           #.........   43%         2    ###....

Your spell library contained the following spells:

 Spells                   Type           Power        Failure   Level  Hunger
 Confusing Touch          Hex            #.....       32%         1    ##.....
 Corona                   Hex            #......      32%         1    ##.....
 Infusion                 Chrm           #...         32%         1    ##.....
 Corpse Rot               Necr           N/A          43%         2    ###....
 Confuse                  Hex            #.......     67%         3    ####...
 Gell's Gravitas          Tloc           #.........   67%         3    ####...
 Ignite Poison            Fire/Tmut/Pois #.......     67%         3    ####...
 Spectral Weapon          Hex/Chrm       #.......     67%         3    ####...
 Tukima's Dance           Hex            #.......     67%         3    ####...
 Petrify                  Tmut/Erth      #.......     97%         4    #####..
 Agony                    Necr           #.......     100%        5    ######.
 Bolt of Draining         Conj/Necr      #.........   100%        5    ######.
 Bolt of Magma            Conj/Fire/Erth #.........   100%        5    ######.
 Dispel Undead            Necr           #.......     100%        5    ######.
 Excruciating Wounds      Chrm/Necr      #.........   100%        5    ######.
 Fireball                 Conj/Fire      #.........   100%        5    ######.
 Metabolic Englaciation   Hex/Ice        #.........   100%        5    ######.
 Yara's Violent Unravell  Hex/Tmut       #.........   100%        5    ######.
 Bolt of Fire             Conj/Fire      #.........   100%        6    #######
 Darkness                 Hex            #.........   100%        6    #######
 Ring of Flames           Chrm/Fire      #.........   100%        7    #######
 Ignition                 Fire           #.........   100%        8    #######


Dungeon Overview and Level Annotations

Branches:
Dungeon (14/15)            Temple (1/1) D:5            Lair (0/6) D:10
    Orc (0/2) D:10         Vaults (0/5) D:13          IceCv (visited)

Shops:
D:4 *

Annotations:
D:12 exclusion: obsidian statue


Innate Abilities, Weirdness & Mutations

You have an increased reservoir of magic. (+10% MP)
Your body sometimes deteriorates upon taking damage.
You are somewhat resistant to further mutation.


Message History

You hit the white ugly thing.
The white ugly thing is almost dead.
The white ugly thing bites you!
* * * LOW HITPOINT WARNING * * *
The white ugly thing freezes you!
* * * LOW HITPOINT WARNING * * *
You hit the white ugly thing.
The white ugly thing is almost dead.
Unknown command.
Things that are here:
a +0 troll leather armour; a troll skeleton Attack whom?
Press: ? - help, Dir - move target cursor, f - white ugly thing
Aim: a white ugly thing (almost dead)
You closely miss the white ugly thing.
The white ugly thing is almost dead.
The white ugly thing bites you!
* * * LOW HITPOINT WARNING * * *
The white ugly thing freezes you!!
You die...

..#...#........#
......#........#
####...####+###
###......#
##'####### +##
#........### ..#
#........+.##
..####........#..#
..#..'........##@##
..'.##........##u>#
..####........###)+
..# #........# ###
..# #........# +##
#........#
#####+####


You could see a white ugly thing.

Vanquished Creatures
  4 vault guards (D:13)
  Erolcha (D:9)
  Fannar (D:11)
  2 centaur warriors (D:13)
  4 two-headed ogres
  An unseen horror (D:14)
  5 ugly things
  3 cyclopes
  A deep elf mage (D:13)
  Maurice (D:8)
  A manticore (D:13)
  Psyche (D:8)
  A gargoyle (D:12)
  3 ice statues (IceCv)
  2 ice devils (D:12)
  3 trolls
  A polar bear (D:10)
  3 hornets
  Prince Ribbit (D:6)
  3 hippogriffs
  Sigmund (D:6)
  Eustachio (D:5)
  19 yaks
  3 hungry ghosts
  Menkaure (D:5)
  2 vampire mosquitoes (D:12)
  A soldier ant (D:11)
  Duvessa (D:5)
  A water moccasin (D:7)
  6 orc warriors
  A hornet zombie (D:12)
  12 ice beasts
  2 sky beasts
  2 black bears
  2 phantoms
  15 centaurs
  6 ogres
  A crocodile (D:10)
  A big kobold (D:10)
  13 bullfrogs
  Dowan (D:5)
  7 scorpions
  6 killer bees (D:8)
  6 wights
  A howler monkey (D:5)
  7 crimson imps
  5 jellies
  A centaur zombie (D:10)
  3 centaur skeletons
  8 orc wizards
  8 orc priests
  7 hounds
  3 bullfrog skeletons
  2 iguanas
  5 worker ants
  A killer bee zombie (D:8)
  A centaur simulacrum (D:10)
  3 hound skeletons
  A killer bee simulacrum (D:10)
  A worker ant zombie (D:11)
  6 gnolls (D:7)
  A howler monkey skeleton (D:4)
  17 adders
  3 shadow imps
  2 white imps (D:10)
  An ooze (D:4)
  An adder zombie (D:9)
  4 dart slugs
  2 worms
  2 leopard geckos
  44 orcs
  5 giant cockroaches
  9 goblins
  7 hobgoblins
  17 jackals
  9 kobolds
  3 quokkas
  A ball python (D:6)
  12 bats
  3 frilled lizards
  A jackal zombie (D:6)
  A leopard gecko skeleton (D:5)
  A quokka zombie (D:6)
  8 rats
370 creatures vanquished.

Vanquished Creatures (collateral kills)
  A yak (D:12)
1 creature vanquished.

Vanquished Creatures (others)
  A cyclops (D:12)
  A yak (D:12)
  A centaur (D:13)
  A worker ant (D:12)
  3 bushes (D:14)
7 creatures vanquished.

Grand Total: 378 creatures vanquished

Notes
Turn   | Place    | Note
-------+----------+-------------------------------------------
     0 | D:1      | Johnny the Demigod Gladiator began the quest for the Orb.
     0 | D:1      | Reached XP level 1. HP: 17/17 MP: 3/3
    48 | D:1      | Reached skill level 3 in Polearms
    85 | D:1      | Reached XP level 2. HP: 23/24 MP: 4/4
   765 | D:2      | Reached XP level 3. HP: 23/30 MP: 5/5
   980 | D:2      | Found a faded altar of an unknown god.
  1162 | D:2      | Reached skill level 4 in Polearms
  1162 | D:2      | Reached XP level 4. HP: 25/37 MP: 6/6
  1647 | D:3      | Noticed a bullfrog
  1662 | D:3      | Killed a bullfrog
  1662 | D:3      | Reached XP level 5. HP: 11/45 MP: 7/7
  1946 | D:3      | Found a shadowy altar of Dithmenos.
  2032 | D:3      | Reached skill level 5 in Polearms
  2945 | D:4      | Noticed an ogre
  2963 | D:4      | Killed an ogre
  2963 | D:4      | Reached XP level 6. HP: 40/52 MP: 8/8
  3090 | D:4      | Found a stormy altar of Qazlal.
  3157 | D:4      | Found Tanuum's Assorted Antiques.
  3160 | D:4      | Bought a scroll of teleportation for 93 gold pieces
  3387 | D:4      | Reached skill level 6 in Polearms
  3541 | D:5      | Entered Level 5 of the Dungeon
  3607 | D:5      | Noticed Duvessa
  3612 | D:5      | Noticed Dowan
  3628 | D:5      | Killed Duvessa
  3628 | D:5      | Reached XP level 7. HP: 51/60 MP: 9/9
  3793 | D:5      | Killed Dowan
  3827 | D:5      | Reached skill level 7 in Polearms
  4054 | D:5      | Reached skill level 5 in Fighting
  4055 | D:5      | Found a staircase to the Ecumenical Temple.
  4075 | D:5      | Noticed Menkaure
  4088 | Temple   | Entered the Ecumenical Temple
  4576 | D:5      | Killed Menkaure
  4768 | D:5      | Reached XP level 8. HP: 36/69 MP: 10/10
  4959 | D:5      | Noticed Eustachio
  4979 | D:5      | Killed Eustachio
  4979 | D:5      | Reached skill level 8 in Polearms
  5425 | D:6      | Found a sacrificial altar of Ru.
  5494 | D:6      | Noticed Sigmund
  5533 | D:6      | Killed Sigmund
  5812 | D:6      | Noticed Prince Ribbit
  5825 | D:6      | Killed Prince Ribbit
  5825 | D:6      | Reached skill level 9 in Polearms
  6512 | D:7      | Reached XP level 9. HP: 52/78 MP: 11/11
  6767 | D:7      | Reached skill level 10 in Polearms
  6771 | D:7      | Found a shimmering blue altar of Sif Muna.
  7078 | D:8      | Found a hazy altar of Hepliaklqana.
  7520 | D:8      | Found a basalt altar of Yredelemnul.
  7537 | D:8      | Noticed Maurice
  7580 | D:8      | Killed Maurice
  7580 | D:8      | Reached skill level 11 in Polearms
  7870 | D:8      | Noticed Psyche
  7881 | D:8      | Killed Psyche
  8273 | D:9      | Reached XP level 10. HP: 31/88 MP: 13/13
  8682 | D:9      | Noticed Erolcha
  8694 | D:9      | Killed Erolcha
  8736 | D:9      | Found a glowing golden altar of the Shining One.
  8903 | D:9      | Reached skill level 12 in Polearms
  9486 | D:10     | Entered Level 10 of the Dungeon
 10130 | D:10     | Reached skill level 13 in Polearms
 10283 | D:10     | Found a staircase to the Orcish Mines.
 10343 | D:10     | Found a staircase to the Lair.
 10350 | D:10     | Reached XP level 11. HP: 97/97 MP: 14/14
 11207 | D:11     | Noticed a two-headed ogre
 11216 | D:11     | Killed a two-headed ogre
 11216 | D:11     | Reached skill level 10 in Fighting
 11217 | D:11     | Noticed Fannar
 11236 | D:11     | Killed Fannar
 11390 | D:11     | Noticed a two-headed ogre
 11399 | D:11     | Killed a two-headed ogre
 11430 | D:11     | Reached skill level 14 in Polearms
 11729 | D:12     | Found a frozen archway.
 11738 | IceCv    | Entered an ice cave
 12427 | IceCv    | Identified the Reference Book on Enchanting Clay
 12750 | D:12     | Reached XP level 12. HP: 79/108 MP: 15/15
 13367 | D:11     | Reached skill level 15 in Polearms
 14097 | D:13     | Learned a level 2 spell: Shroud of Golubria
 14100 | D:13     | Learned a level 2 spell: Song of Slaying
 14104 | D:13     | Learned a level 3 spell: Regeneration
 14107 | D:13     | Learned a level 2 spell: Sublimation of Blood
 14199 | D:13     | Noticed a centaur warrior
 14227 | D:13     | Killed a centaur warrior
 14227 | D:13     | Reached skill level 1 in Spellcasting
 14387 | D:13     | Found a gate to the Vaults.
 14387 | D:13     | Noticed a vault guard
 14387 | D:13     | Noticed a vault guard
 14387 | D:13     | Noticed a vault guard
 14387 | D:13     | Noticed a vault guard
 14387 | D:13     | Noticed a vault guard
 14388 | D:13     | Noticed a vault guard
 14388 | D:13     | Noticed a vault guard
 14388 | D:13     | Noticed a vault guard
 14400 | D:13     | Killed a vault guard
 14434 | D:13     | Killed a vault guard
 14438 | D:13     | Killed a vault guard
 14452 | D:13     | Gained mutation: Your body sometimes deteriorates upon
                  | taking damage. [potion of mutation]
 14452 | D:13     | Gained mutation: You are somewhat resistant to further
                  | mutation. [potion of mutation]
 14454 | D:13     | Killed a vault guard
 14477 | D:14     | Noticed a centaur warrior
 14488 | D:13     | Killed a centaur warrior
 14771 | D:13     | Demolished by a white ugly thing

Levels and vault maps discovered:
D:1:      psy_arrival_spokes, layout_basic
D:2:      layout_loops_ring, chequers_ecumenical_altar_simple_redux,
          due_unseen_surprise
D:3:      minmay_general_purpose_star, layout_basic,
          nicolae_dithmenos_shadow_blocks, minmay_fountain_box
D:4:      layout_loops_ring, marbit_many_paths, first_ration, serial_shops,
          nicolae_shop_behind_doors, minmay_misc_feat_encased
D:5:      layout_basic, minmay_temple_entry_mist, guppyfry_early_lair_pool,
          uniq_duvessa, uniq_eustachio, uniq_menkaure
D:6:      layout_cave_pools, nicolae_ru_the_path_less_chosen,
          uniq_prince_ribbit1, uniq_sigmund
D:7:      kennysheep_orc_sif_temple, layout_basic
D:8:      layout_basic, old_standard_altar, kennysheep_mini, grunt_ogre_cave,
          grunt_decor_fettered, uniq_maurice, uniq_psyche
D:9:      layout_loops_cross, tso_metal_star, uniq_erolcha
D:10:     layout_big_octagon, grunt_lair_entry_orc_guard_hut, serial_ice,
          serial_ice_g, serial_ice_n, serial_ice_e, serial_ice_h
D:11:     layout_cave_pods, uniq_fannar
D:12:     layout_basic, portal_ice_cave_demonic_guard, minivault_16
D:13:     layout_roguey, erik_vaults_2, hangedman_decor_points
D:14:     layout_rooms, serial_park_square2, minmay_crystal_room
Temple:   dpeg_five_rooms_temple

Skill      XL: |  1  2  3  4  5  6  7  8  9 10 11 12 |
---------------+-------------------------------------+-----
Polearms       | 3 4 5 6 7 9 11 13 14 15 | 15.8
Fighting       | 2 3 4 5 6 8 9 10 12 | 12.1
Spellcasting   | 2 |  2.5
Throwing       | |  1.7
Dodging        | |  2.6

Action                   |  1- 3 |  4- 6 |  7- 9 | 10-12 || total
-------------------------+-------+-------+-------+-------++-------
Melee: Trident           |   110 |   243 |   473 |   952 ||  1778
Throw: Throwing net      |       |       |     5 |       ||     5
Evoke: Wand              |       |       |    22 |    53 ||    75
  Use: Scroll            |       |     9 |     9 |    16 ||    34
       Potion            |       |       |     1 |    17 ||    18
 Stab: Sleeping          |     1 |       |       |       ||     1
       Held in net/web   |       |       |     4 |       ||     4
       Distracted        |       |       |       |     1 ||     1
  Eat: Chunk             |     1 |     8 |    15 |    13 ||    37
       Ration            |       |       |       |     3 ||     3
Armor: Leather armour    |    24 |       |       |       ||    24
       Scale mail        |     9 |    71 |   156 |    71 ||   307
       Plate armour      |       |       |       |    39 ||    39
       Troll leather arm |       |       |       |    76 ||    76
Dodge: Dodged            |    69 |    96 |   190 |   302 ||   657
       Deflected         |       |       |    12 |    25 ||    37
Block: Other             |       |    24 |    81 |   117 ||   222
       Reflection        |       |     1 |     8 |     9 ||    18

Table legend:
 A = Non-vault XP
 B = Vault XP
 C = Vault XP percentage of total XP
 D = Non-vault monster count
 E = Vault monster count
 F = Vault count percentage of total count
                 A         B        C        D         E       F
            +---------+---------+-------+---------+---------+-------
      Total |   29263 |   12306 |  29.6 |     325 |      48 |  12.9
            +---------+---------+-------+---------+---------+-------
        D:1 |      32 |       0 |   0.0 |      18 |       0 |   0.0
        D:2 |     129 |       0 |   0.0 |      27 |       0 |   0.0
        D:3 |     172 |       1 |   0.6 |      25 |       1 |   3.8
        D:4 |     363 |       3 |   0.8 |      13 |       1 |   7.1
        D:5 |     591 |     653 |  52.5 |      14 |       8 |  36.4
        D:6 |     367 |     488 |  57.1 |      11 |       2 |  15.4
        D:7 |     992 |     243 |  19.7 |      24 |       4 |  14.3
        D:8 |    1207 |    1040 |  46.3 |      25 |       3 |  10.7
        D:9 |    2745 |     995 |  26.6 |      32 |       1 |   3.0
       D:10 |    2624 |     870 |  24.9 |      31 |      10 |  24.4
       D:11 |    7295 |     918 |  11.2 |      37 |       1 |   2.6
       D:12 |    5265 |     692 |  11.6 |      31 |       2 |   6.1
       D:13 |    5305 |    3239 |  37.9 |      24 |       4 |  14.3
       D:14 |    2170 |       0 |   0.0 |      10 |       0 |   0.0
     Temple |       6 |       0 |   0.0 |       3 |       0 |   0.0
      IceCv |       0 |    3164 | 100.0 |       0 |      11 | 100.0
            +---------+---------+-------+---------+---------+-------
